 Dungeon Crawl Stone Soup version 0.18.1-5-g4a78601 (webtiles) character file.

8637 Gargoyl the Protected (level 11, -16/129 HPs)
             Began as a Demonspawn Abyssal Knight on May 10, 2016.
             Was a High Priest of Lugonu.
             Demolished by an orc knight
             ... wielding a +0 glaive of holy wrath
              (23 damage)
             ... on level 1 of the Orcish Mines.
             The game lasted 00:28:51 (10689 turns).

Gargoyl the Protected (Demonspawn Abyssal Knight)  Turns: 10689, Time: 00:28:53

Health: -16/129    AC: 21    Str: 21    XL:     11   Next: 12%
Magic:  13/13      EV:  9    Int: 15    God:    Lugonu [*****.]
Gold:   666        SH:  5    Dex: 13    Spells: 0 memorised, 10 levels left

rFire  . . .     SeeInvis +     L - +3 war axe
rCold  . . .     Gourm    .     M - +0 plate armour
rNeg   . . .     Faith    .     N - +1 buckler
rPois  .         Spirit   .     (helmet restricted)
rElec  .         Dismiss  .     (no cloak)
rCorr  .         Reflect  .     H - +2 pair of gloves
SustAt +         Harm     .     (no boots)
MR     .....                    h - amulet of regeneration
Stlth  ..........               w - ring of see invisible
                                g - ring of sustain attributes

@: berserking (expiring), very quick, not resistant to hostile enchantments,
extremely unstealthy
A: claws 1, horns 2, talons 1, yellow scales 2, blurry vision 1, clever 1,
demonic guardian 1, powered by pain 2, evolution 1
a: Depart the Abyss, Bend Space, Banish, Corrupt, Enter the Abyss, Renounce
Religion


You were on level 1 of the Orcish Mines.
You worshipped Lugonu.
Lugonu was extremely pleased with you.
You were not hungry.

You visited 2 branches of the dungeon, and saw 11 of its levels.
You visited the Abyss 1 time.

You collected 666 gold pieces.

Inventory:

Hand Weapons
 o - a +0 spear of freezing
 E - a +0 flail of crushing
 L - a +3 war axe (weapon)
Missiles
 f - 23 tomahawks (quivered)
Armour
 H - a +2 pair of gloves (worn)
 M - a +0 plate armour (worn)
 N - a +1 buckler (worn)
Jewellery
 g - a ring of sustain attributes (left hand)
 h - an amulet of regeneration (around neck)
 u - an uncursed ring of resist corrosion
 w - a ring of see invisible (right hand)
 x - an uncursed amulet of harm
 D - an uncursed ring of positive energy
 J - an uncursed ring of protection from fire
Wands
 k - a wand of disintegration (5/24)
 r - a wand of lightning (8/15)
 t - a wand of lightning (9/15)
 y - a wand of lightning (4/15)
 C - a wand of iceblast (6/15)
 F - a wand of polymorph (9/24)
 G - a wand of flame (21/48)
 P - a wand of random effects (20/48)
Scrolls
 d - a scroll of fog
 j - 11 scrolls of identify
 p - 7 scrolls of remove curse
 A - a scroll of amnesia
Potions
 i - 5 potions of curing
 z - a potion of magic
 B - a potion of brilliance
Books
 b - a book of the Sky

   Spells                             Type                      Level
   a - Summon Lightning Spire         Summoning/Air                4
   b - Airstrike                      Air                          4
   c - Silence                        Hexes/Air                    5
   d - Deflect Missiles               Charms/Air                   6
   e - Conjure Ball Lightning         Conjuration/Air              6
   f - Tornado                        Air                          9
 v - a book of the Dragon

   Spells                             Type                      Level
   a - Flame Tongue                   Conjuration/Fire             1
   b - Cause Fear                     Hexes                        4
   c - Bolt of Fire                   Conjuration/Fire             6
   d - Dragon Form                    Transmutation                7
   e - Dragon's Call                  Summoning                    9
 I - a Grand Grimoire

   Spells                             Type                      Level
   a - Monstrous Menagerie            Summoning                    7
   b - Summon Greater Demon           Summoning                    7
   c - Malign Gateway                 Summoning/Translocation      7
   d - Summon Horrible Things         Summoning                    8
Comestibles
 a - 10 chunks of flesh
 c - 10 bread rations
 l - 3 beef jerkies
 q - 5 meat rations
 K - a royal jelly


   Skills:
 + Level 8.2 Fighting
 + Level 7.0 Axes
 * Level 10.8 Armour
 + Level 5.6 Dodging
 + Level 2.1 Stealth
 + Level 1.9 Shields
 + Level 3.4 Invocations


You had 10 spell levels left.
You didn't know any spells.

Dungeon Overview and Level Annotations

Branches:
Dungeon (10/15)            Temple (0/1) D:7             Orc (1/2) D:10
   Lair: D:8-11

Altars:
Cheibriados
Dithmenos
Fedhas
Gozag
Makhleb
Nemelex Xobeh
Okawaru
Pakellas
Qazlal
Ru
Xom
The Shining One

Shops:
D:7 }   D:10 =


Innate Abilities, Weirdness & Mutations

You have a pair of horns on your head.
You are mostly covered in yellow scales (AC +3).
A weak demonic guardian rushes to your aid.
You sometimes gain power by taking damage.
You have sharp fingernails.
You have sharp toenails.
Scrolls take you a little longer to read.
Your mind is acute. (Int +2)
You evolve.


Message History

The orc warrior is lightly wounded.
Your plate armour prevents you from hitting the ogre.
The ogre is severely wounded.
The orc warrior hits you with an enchanted glaive!
* * * LOW HITPOINT WARNING * * *
The orc warrior misses you.
You slash the orc!
You kill the orc!
Lugonu accepts your kill.
You hit the orc warrior.
The orc warrior is lightly wounded.
You slash the ogre!
The ogre is almost dead.
You hit the orc warrior.
The orc warrior is lightly wounded.
You slash the orc priest!
The orc priest is almost dead.
You block the orc priest's attack.
Your iron imp hits the ogre.
The orc knight hits you from afar with a glaive of holy wrath!!
You die...

#.........(........#
##.#......#.....#.##
#..#.........(....##
#.................##
##......#.......$..#
#..............#...##
....................#
#.
#...........oo....(##
##O
#......>...O@)...(##
##..
#..........5(oo....#
...
...........)####...#
.. .....$...... ##.##
# .#..........# ..#
## .$........ .#.#
##. .........#. ....#
#.. .......##.. oo ##
##. ....$.. . . ..#
##


You could see an orc knight, 2 orc warriors, an ogre, an orc priest and a
friendly iron imp.

Vanquished Creatures
  A tengu warrior (D:9)
  An unseen horror (D:10)
  A hill giant (D:10)
  A gargoyle (D:10)
  4 yaks (D:10)
  A spriggan (D:8)
  3 hippogriffs
  A warg (D:10)
  Edmund (D:6)
  A water moccasin (D:9)
  2 sky beasts
  2 ice beasts
  2 black bears
  A necrophage (D:9)
  5 orc warriors
  3 ogres
  3 centaurs
  A crocodile (D:10)
  A big kobold (D:7)
  5 giant frogs
  A gnoll sergeant (D:7)
  4 scorpions
  2 killer bees
  A howler monkey (D:6)
  6 crimson imps
  A centaur zombie (D:6)
  2 hounds
  3 jellies
  10 orc wizards
  10 orc priests
  2 centaur skeletons
  3 giant frog skeletons
  3 iguanas
  9 worker ants
  A hound zombie (D:5)
  2 hound skeletons
  A worker ant zombie (D:9)
  14 adders
  4 gnolls (D:7)
  A howler monkey skeleton (D:6)
  3 shadow imps
  2 oozes
  An adder zombie (D:6)
  2 adder skeletons
  3 worms
  2 dart slugs
  6 giant geckos
  30 orcs
  9 giant cockroaches
  8 goblins
  6 hobgoblins
  9 jackals
  11 kobolds
  2 quokkas
  3 ball pythons
  6 bats
  3 giant newts
  A jackal skeleton (D:5)
  A quokka zombie (D:5)
  8 rats
236 creatures vanquished.

Vanquished Creatures (collateral kills)
  A hill giant (D:9)
  A centaur zombie (D:10)
  A fire bat (Abyss:3)
  An eye of draining (D:8)
  An orc warrior (D:10)
  A sky beast (D:8)
  A centaur (D:6)
  2 killer bees (D:7)
  A hound skeleton (D:5)
  An ooze (D:6)
  5 orcs
16 creatures vanquished.

Vanquished Creatures (others)
  A hydra (D:2)
  A hill giant (D:7)
  A cyclops (D:10)
  A spatial vortex (Abyss:3)
  Blork the orc (D:5)
5 creatures vanquished.

Grand Total: 257 creatures vanquished

Notes
Turn   | Place    | Note
--------------------------------------------------------------
     0 | Abyss:1  | Gargoyl the Demonspawn Abyssal Knight began the quest for the Orb.
     0 | Abyss:1  | Reached XP level 1. HP: 18/18 MP: 2/2
    41 | Abyss:2  | Noticed a jelly
    43 | Abyss:3  | Found a corrupted altar of Lugonu.
    66 | Abyss:3  | Noticed a small abomination
    69 | Abyss:3  | Noticed a large abomination
    81 | Abyss:3  | Killed a fire bat
    81 | Abyss:3  | Reached skill level 2 in Armour
    81 | Abyss:3  | Reached skill level 1 in Dodging
    81 | Abyss:3  | Gained mutation: A weak demonic guardian rushes to your aid. [demonic ancestry]
    81 | Abyss:3  | Reached XP level 2. HP: 25/25 MP: 3/3
    81 | Abyss:3  | Reached XP level 3. HP: 30/30 MP: 4/4
    90 | Abyss:3  | Noticed an ancient zyme
    90 | D:1      | Escaped the Abyss
   755 | D:1      | Gained mutation: You are partially covered in yellow scales (AC +2). [demonic ancestry]
   755 | D:1      | Reached XP level 4. HP: 37/37 MP: 5/5
   763 | D:1      | Reached * piety under Lugonu
  1113 | D:1      | Found a sparkling altar of Nemelex Xobeh.
  2116 | D:2      | Reached skill level 3 in Armour
  2368 | D:2      | Found a burning altar of Makhleb.
  2368 | D:2      | Noticed a blizzard demon
  2373 | D:2      | Noticed a hellwing
  2373 | D:2      | Noticed an orange demon
  2550 | D:2      | Found an oddly glowing altar of Pakellas.
  2551 | D:2      | Noticed a four-headed hydra
  2555 | D:2      | Killed a four-headed hydra
  2660 | D:3      | Found an iron altar of Okawaru.
  2663 | D:3      | Gained mutation: You have a pair of small horns on your head. [demonic ancestry]
  2663 | D:3      | Reached XP level 5. HP: 42/42 MP: 6/6
  2727 | D:3      | Reached ** piety under Lugonu
  2931 | D:3      | Found a blossoming altar of Fedhas.
  3660 | D:4      | Reached XP level 6. HP: 18/48 MP: 7/7
  3779 | D:4      | Found an opulent altar of Gozag.
  3797 | D:4      | Reached skill level 4 in Armour
  3836 | D:4      | Found a stormy altar of Qazlal.
  3837 | D:4      | Found an oddly glowing altar of Pakellas.
  3837 | D:4      | Found a shadowy altar of Dithmenos.
  3840 | D:4      | Found a glowing golden altar of the Shining One.
  3999 | D:4      | Found a sacrificial altar of Ru.
  4105 | D:4      | You fall through a shaft for 2 floors!
  4135 | D:6      | Found a shimmering altar of Xom.
  4228 | D:6      | Reached *** piety under Lugonu
  4228 | D:6      | Gained mutation: You sometimes gain a little power by taking damage. [demonic ancestry]
  4228 | D:6      | Reached XP level 7. HP: 44/55 MP: 8/8
  4423 | D:6      | Reached skill level 5 in Armour
  4750 | D:6      | Noticed Edmund
  4766 | D:6      | Killed Edmund
  4766 | D:6      | Reached skill level 1 in Stealth
  5006 | D:7      | Reached skill level 5 in Fighting
  5006 | D:7      | Reached XP level 8. HP: 43/62 MP: 9/9
  5010 | D:7      | Gained mutation: You have sharp fingernails. [mutagenic meat]
  5011 | D:7      | Gained mutation: You evolve. [mutagenic meat]
  5012 | D:7      | Gained mutation: Your mind is acute. (Int +2) [mutagenic meat]
  5013 | D:7      | Gained mutation: You are frail (-10% HP). [mutagenic meat]
  5027 | D:7      | Found Ocwupt's Gadget Shop.
  5087 | D:7      | Reached skill level 6 in Armour
  5350 | D:7      | Reached skill level 7 in Armour
  5360 | D:7      | Reached **** piety under Lugonu
  5643 | D:7      | Noticed a hill giant
  5653 | D:7      | Banished a hill giant
  5653 | D:7      | Gained mutation: You have a pair of horns on your head. [demonic ancestry]
  5653 | D:7      | Reached XP level 9. HP: 36/62 MP: 10/10
  5723 | D:7      | Found a staircase to the Ecumenical Temple.
  6110 | D:8      | Reached skill level 8 in Armour
  6115 | D:8      | Gained mutation: You are very frail (-20% HP). [mutagenic meat]
  6147 | D:8      | Gained mutation: You have sharp toenails. [evolution]
  6303 | D:5      | Entered Level 5 of the Dungeon
  6341 | D:5      | Noticed Blork the orc
  6344 | D:5      | Reached skill level 5 in Axes
  6349 | D:5      | Killed Blork the orc
  6509 | D:4      | Found a snail-covered altar of Cheibriados.
  7513 | D:8      | Gained mutation: You passively map a small area around you. [evolution]
  7572 | D:8      | Found a sparkling altar of Nemelex Xobeh.
  7990 | D:9      | Noticed a tengu warrior
  8007 | D:9      | Killed a tengu warrior
  8007 | D:9      | Reached skill level 9 in Armour
  8186 | D:9      | Gained mutation: You sometimes gain power by taking damage. [demonic ancestry]
  8186 | D:9      | Reached XP level 10. HP: 60/61 MP: 12/12
  8397 | D:9      | Lost mutation: You are very frail (-20% HP). [evolution]
  8543 | D:9      | Gained mutation: Scrolls take you a little longer to read. [mutagenic meat]
  8544 | D:9      | Gained mutation: Your spells are a little harder to cast, but a little more powerful. [mutagenic meat]
  8545 | D:9      | Gained mutation: You tend to lose your temper in combat. [mutagenic meat]
  8562 | D:9      | Lost mutation: You passively map a small area around you. [potion of cure mutation]
  8562 | D:9      | Lost mutation: You are frail (-10% HP). [potion of cure mutation]
  8562 | D:9      | Lost mutation: Your spells are a little harder to cast, but a little more powerful. [potion of cure mutation]
  8562 | D:9      | Lost mutation: You tend to lose your temper in combat. [potion of cure mutation]
  8611 | D:9      | Noticed a hill giant
  8620 | D:9      | Killed a hill giant
  8923 | D:10     | Entered Level 10 of the Dungeon
  8928 | D:10     | Noticed a hill giant
  8945 | D:10     | Killed a hill giant
  8945 | D:10     | Reached skill level 5 in Dodging
  8945 | D:10     | Reached skill level 1 in Shields
  9188 | D:10     | Noticed a gargoyle
  9214 | D:10     | Killed a gargoyle
  9458 | D:10     | Noticed an unseen horror
  9481 | D:10     | Reached skill level 10 in Armour
  9486 | D:10     | Killed an unseen horror
  9642 | D:10     | Found Gulalu's Jewellery Shoppe.
  9705 | D:10     | Reached ***** piety under Lugonu
 10108 | D:10     | Gained mutation: You are mostly covered in yellow scales (AC +3). [demonic ancestry]
 10108 | D:10     | Reached XP level 11. HP: 61/86 MP: 13/13
 10167 | D:10     | Found a staircase to the Orcish Mines.
 10410 | Orc:1    | Entered Level 1 of the Orcish Mines
 10672 | Orc:1    | Noticed an orc knight
 10688 | Orc:1    | HP: 6/129 [orc warrior/enchanted glaive (9)]
 10689 | Orc:1    | Demolished by an orc knight

Skill      XL: |  1  2  3  4  5  6  7  8  9 10 11 |
---------------+----------------------------------+-----
Axes           | 2 3 4 5 6 7 |  7.0
Armour         | 2 3 4 5 7 9 10 | 10.8
Dodging        | 1 2 3 4 5 |  5.6
Fighting       | 4 5 6 7 8 |  8.2
Stealth        | 1 2 |  2.1
Invocations    | 3 |  3.4
Shields        | 1 |  1.9

Action                   |  1- 3 |  4- 6 |  7- 9 | 10-12 || total
-------------------------+-------+-------+-------+-------++-------
Melee: Hand axe          |    31 |   361 |   260 |       ||   652
       Headbutt          |       |    43 |    95 |    69 ||   207
       War axe           |       |       |   168 |   293 ||   461
       Kick              |       |       |    44 |   109 ||   153
Throw: Tomahawk          |       |       |     1 |     1 ||     2
Invok: Depart the Abyss  |     1 |       |       |       ||     1
       Banish            |       |       |     1 |     1 ||     2
  Use: Scroll            |       |       |    19 |    10 ||    29
       Potion            |       |       |     3 |    13 ||    16
 Stab: Distracted        |       |       |     2 |     2 ||     4
  Eat: Chunk             |       |     9 |    19 |    15 ||    43
       Fruit             |       |     4 |       |       ||     4
Armor: Ring mail         |    16 |    56 |       |       ||    72
       Chain mail        |       |   183 |   311 |   174 ||   668
       Plate armour      |       |       |       |    62 ||    62
Dodge: Dodged            |    20 |   142 |   214 |   170 ||   546
Block: Buckler           |       |       |     4 |    78 ||    82
